 Dungeon Crawl Stone Soup version 0.28-a0-1033-g1a2f33fa85 (webtiles) character file.

Game seed: 609327524722649522

155 sanka the Cudgeller (level 5, -3/43 HPs)
             Began as a Palentonga Abyssal Knight on Dec 7, 2021.
             Was a Priest of Lugonu.
             Slain by a gnoll (5 damage)
             ... on level 2 of the Dungeon.
             The game lasted 00:03:25 (2935 turns).

sanka the Cudgeller (Palentonga Abyssal Knight)     Turns: 2935, Time: 00:03:26

Health: -3/43      AC:  4    Str: 18    XL:     5   Next: 14%
Magic:  6/6        EV:  9    Int: 10    God:    Lugonu [***...]
Gold:   105        SH:  5    Dex: 11    Spells: 4/4 levels left

rFire   . . .      SeeInvis +   a - +1 mace
rCold   . . .      Faith    .   (no shield)
rNeg    . . .      Spirit   .   b - +0 leather armour
rPois   .          Reflect  +   (no helmet)
rElec   .          Harm     .   (no cloak)
rCorr   .          Rampage  .   (no gloves)
Will    .....                   (no barding)
Stlth   +.........              h - amulet of reflection
HPRegen 0.14/turn               (no ring)
MPRegen 0.10/turn               (no ring)

@: no status effects
A: large, rugged brown scales 3, see invisible, deformed body, roll 1, armoured
tail
a: Rolling Charge, Renounce Religion, Depart the Abyss, Bend Space, Banish


You were on level 2 of the Dungeon.
You worshipped Lugonu.
Lugonu was most pleased with you.
You visited 1 branch of the dungeon, and saw 3 of its levels.
You visited the Abyss 1 time.

You collected 105 gold pieces.


Innate Abilities, Weirdness & Mutations

You are completely covered in rugged brown scales. (AC +3, +7% HP)
You have supernaturally acute eyesight. (SInv)
Armour fits poorly on your strangely shaped body.
You can roll at nearby foes to attack.
You have a long armoured tail.


   Skills:
 - Level 3.0 Fighting
 + Level 5.1 Maces & Flails
 - Level 1.5 Armour
 - Level 0.7 Dodging
 + Level 2.6 Invocations


You had 4 spell levels left.
You didn't know any spells.
Your spell library contained the following spells:

 Spells                   Type           Power      Damage    Failure   Level
 Sandblast                Erth           0%         2d4       41%         1
 Blink                    Tloc           0%         N/A       56%         2
 Passwall                 Tmut/Erth      0%         N/A       56%         2
 Stone Arrow              Conj/Erth      0%         3d7       80%         3
 Animate Armour           Summ/Erth      0%         N/A       99%         4
 Blade Hands              Tmut           0%         N/A       100%        5
 Manifold Assault         Tloc           0%         N/A       100%        5
 Iron Shot                Conj/Erth      0%         9d1       100%        6
 Storm Form               Tmut/Air       0%         N/A       100%        7

Inventory:

Hand Weapons
 a - a +1 mace (weapon)
Armour
 b - a +0 leather armour (worn)
 l - a +0 helmet
Jewellery
 h - an amulet of reflection (around neck)
 o - a ring of ice
 p - an amulet of guardian spirit
Scrolls
 c - 2 scrolls of blinking {unknown}
 d - a scroll of vulnerability {unknown}
 j - a scroll of enchant armour {unknown}
 k - a scroll of brand weapon {unknown}
 n - a scroll of magic mapping {unknown}
Potions
 e - 3 potions of curing {unknown}
 f - 3 potions of haste {unknown}
 g - a potion of cancellation {unknown}
 i - a potion of attraction {unknown}
 m - a potion of brilliance {unknown}

Dungeon Overview and Level Annotations

Branches:
Dungeon (3/15)

Altars:

▒...▒.▒ ▒......▒
▒▒▒.▒.▒▒▒▒▒......▒
▒...............▒ ▒▒▒▒▒▒▒▒
▒..▒.▒▒▒▒.......▒ ▒...(...
▒.......▒.......▒▒▒.......
▒.▒..▒▒.▒.................
▒.......▒.........▒.......
▒▒▒▒▒..▒.▒g........▒.......
▒......▒.▒H................
▒▒▒.........▒......▒......<
▒▒▒▒▒.....▒......▒.......
▒.....▒......▒.......
▒.....▒......▒▒▒▒▒▒▒▒
▒.....▒▒▒▒▒▒▒▒ ▒ ▒.....▒
▒.....▒▒▒▒▒▒ ▒▒▒▒▒
▒..........▒ ▒....


You could see a gnoll (fast).


Message History

The gnoll seems to speed up.
The gnoll hits you but does no damage. The gnoll barely misses you.
The gnoll barely misses you. The gnoll barely misses you.
You block the gnoll's attack. The gnoll hits you with a +0 whip.
* * * LOW HITPOINT WARNING * * *
The gnoll hits you with a +0 whip.
* * * LOW HITPOINT WARNING * * *
The gnoll hits you with a +0 whip.
* * * LOW HITPOINT WARNING * * *
There is a stone staircase leading up here.
Unknown command.
The gnoll hits you with a +0 whip!
* * * LOW HITPOINT WARNING * * *
You climb upwards.
There is a stone staircase leading down here.
Unknown command.
You barely miss the gnoll. You tail-slap the gnoll.
The gnoll is lightly wounded.
The gnoll barely misses you. You block the gnoll's attack.
You barely miss the gnoll.
The gnoll is lightly wounded.
The gnoll hits you with a +0 whip.
* * * LOW HITPOINT WARNING * * *
The gnoll hits you with a +0 whip.
You die...

Action                   |  1- 3 |  4- 6 || total
-------------------------+-------+-------++-------
Melee: Mace              |   107 |    87 ||   194
       Tailslap          |    11 |    12 ||    23
 Abil: Rolling Charge    |    21 |     5 ||    26
Armor: Leather armour    |    33 |    23 ||    56
Dodge: Dodged            |    49 |    41 ||    90
Block: Other             |    13 |    26 ||    39
       Reflection        |     1 |     2 ||     3

Levels and vault maps discovered:
D:1:      arrival_aquarium_b, layout_basic, minmay_3d_cube
D:2:      layout_basic, nicolae_ecumenical_oubliette,
          minmay_misc_feat_four_crosses, minmay_pentomino_u2
D:3:      kennysheep_big_flooded_room, layout_basic, uniq_robin

Notes
Turn   | Place    | Note
-------+----------+-------------------------------------------
     0 | Abyss:1  | sanka the Palentonga Abyssal Knight began the quest for the
                  | Orb.
     0 | Abyss:1  | Reached XP level 1. HP: 19/19 MP: 2/2
    44 | D:1      | Escaped the Abyss
    48 | D:1      | Noticed an electric eel
    49 | D:1      | Noticed an electric eel
   410 | D:1      | Reached XP level 2. HP: 25/25 MP: 3/3
   660 | D:1      | Reached skill level 3 in Maces & Flails
   705 | D:1      | Reached ** piety under Lugonu
   748 | D:1      | Reached XP level 3. HP: 20/31 MP: 4/4
  1210 | D:2      | Found a faded altar of an unknown god.
  1536 | D:2      | Reached skill level 4 in Maces & Flails
  1932 | D:2      | Reached XP level 4. HP: 26/37 MP: 5/5
  2455 | D:3      | Noticed Robin
  2459 | D:3      | Killed Robin
  2462 | D:3      | Reached *** piety under Lugonu
  2777 | D:3      | Reached skill level 5 in Maces & Flails
  2890 | D:3      | Reached XP level 5. HP: 43/43 MP: 6/6
  2935 | D:2      | HP: 2/43 [gnoll (6)]
  2935 | D:2      | Slain by a gnoll

Vanquished Creatures
  A hound skeleton (D:3)
  Robin (D:3)
  2 gnolls (D:3)
  3 adders
  An adder skeleton (D:2)
  A dart slug (D:1)
  An orc (D:3)
  8 bats
  9 endoplasms
  3 giant cockroaches
  11 goblins
  7 hobgoblins
  5 jackals (D:1)
  2 quokkas
  5 ball pythons
  4 frilled lizards
  5 kobolds (D:2)
  4 rats
73 creatures vanquished.
